 Dungeon Sprint DCSS version 0.27-a0-67-g4bfc8a49e1 (webtiles) character file.

Game seed: 12648253215741024422

275646 mhtbhm the Archmage (level 18, -1/108 HPs)
             Began as a Deep Elf Earth Elementalist on Jan 10, 2021.
             Was the Champion of Vehumet.
             Engulfed by a cloud of freezing vapour (15 damage)
             ... in the Dungeon (Sprint III: "The Ten Rune Challenge").
             The game lasted 01:01:01 (8748 turns).

mhtbhm the Archmage (Deep Elf Earth Elementalist)   Turns: 8748, Time: 01:01:02

Health: -1/108     AC:  9    Str:  2    XL:     18   Next: 59%
Magic:  41/41      EV: 33    Int: 35    God:    Vehumet [******]
Gold:   5751       SH:  0    Dex: 16    Spells: 22/71 levels left

rFire    + + +     SeeInvis .   z - staff of earth
rCold    + . .     Faith    .   (no shield)
rNeg     + + .     Spirit   .   a - +2 robe {rC+ rF+}
rPois    .         Reflect  .   G - +0 hat {Will+}
rElec    +         Harm     .   o - +0 cloak
rCorr    .         Rampage  .   M - +2 pair of gloves {Str+3}
Will     +++..     Rnd*Rage +   A - +0 pair of boots Stlth ++++......NoTele +
                                S - amulet "Jega" {RegenMP +Fly Will+}
HPRegen  0.07/turn              u - ring "Oweaceli" {*Slow rF+ rN++ Int+9 Dex+3}
MPRegen  0.52/turn              r - ring "Gan Vuss" {rElec rF+ Str-4 Int-3 Stlth+}

@: slowed, lost strength, very slow
A: rugged brown scales 1, berserk 2, clumsy 1, deformed body, low mp 2, robust
1, weak 1
}: 4/10 runes: decaying, barnacled, silver, golden
a: Renounce Religion, Evoke Flight


You were in the Dungeon.
You worshipped Vehumet.
Vehumet was exalted by your worship.
You visited 1 branch You collected 7276 gold pieces.
You spent 1525 gold pieces at shops.

Inventory:

Missiles
 b - 121 stones
 c - 7 curare-tipped darts
Armour
 a - a +2 robe of resistance (worn)
 o - a +0 cloak (worn)
 A - a +0 pair of boots (worn)
 G - a +0 hat of willpower (worn)
 M - a +2 pair of gloves of strength (worn)
Magical Staves
 z - an uncursed staff of earth (weapon)
Jewellery
 r - the ring "Gan Vuss" (right hand) {rElec rF+ Str-4 Int-3 Stlth+}
   (You took it off a deep elf death mage in the Dungeon)

   [ring of strength]

   It affects your strength (-4).
   It affects your intelligence (-3).
   It protects you from fire.
   It insulates you from electricity.
   It makes you more stealthy.
 u - the ring "Oweaceli" (left hand) {*Slow rF+ rN++ Int+9 Dex+3}
   (You took it off a deep elf demonologist in the Dungeon)

   [ring of protection from fire]

   It affects your intelligence (+9).
   It affects your dexterity (+3).
   It protects you from fire.
   It greatly protects you from negative energy.
   It may slow you when you take damage.
 v - the ring of Kirikluar {Ice Str+2 Dex+4 Slay+3}
   (You found it in the Dungeon)

   [ring of ice]

   It enhances your ice magic.
   It affects your strength (+2).
   It affects your dexterity (+4).
   It affects your accuracy and damage with ranged weapons and melee attacks
   (+3).
   It makes you vulnerable to fire.
   It protects you from cold.
 B - an uncursed ring of magical power
 N - an uncursed ring of protection from fire
 S - the amulet "Jega" (around neck) {RegenMP +Fly Will+}
   (You found it in the Dungeon)

   [amulet of magic regeneration]

   It increases your magic regeneration.
   It affects your willpower, your defense against some magical effects.
   It lets you fly.
Wands
 t - a wand of iceblast (7)
 x - a wand of digging (19)
 K - a wand of disintegration (8)
Scrolls
 i - a scroll of blinking
 j - 3 scrolls of immolation
 k - 8 scrolls of identify
 l - 2 scrolls of remove curse
 s - 5 scrolls of amnesia
 F - 3 scrolls of fog
 L - a scroll of fear
Potions
 d - 3 potions of curing
 f - 4 potions of haste
 h - a potion of berserk rage
 m - 4 potions of flight
 n - a potion of attraction
 C - a potion of might
 E - 5 potions of brilliance
 H - 3 potions of invisibility
Miscellaneous
 p - a lightning rod (4/4)
 y - a condenser vane (inert)
 P - a phantom mirror


   Skills:
 - Level 5.1 Fighting
 + Level 11.3 Staves
 + Level 1.3 Armour
 O Level 27 Dodging
 - Level 6.0 Stealth
 O Level 27 Spellcasting
 + Level 21.9 Conjurations
 O Level 27 Transmutations
 + Level 5.1 Fire Magic
 O Level 27 Earth Magic
 + Level 17.6 Evocations


You had 22 spell levels left.
You knew the following spells:

 Your Spells              Type           Power        Failure   Level
a - Sandblast             Erth           100%         0%          1
b - Passwall              Tmut/Erth      100%         0%          2
c - Stone Arrow           Conj/Erth      100%         0%          3
d - Lee's Rapid Deconstr  Erth           75%          0%          5
e - Petrify               Tmut/Erth      100%         0%          4
f - Statue Form           Tmut/Erth      100%         0%          6
g - Bolt of Magma         Conj/Fire/Erth 65%          0%          5
h - Iron Shot             Conj/Erth      72%          0%          6
i - Lehudib's Crystal Sp  Conj/Erth      72%          1%          8
j - Shatter               Erth           75%          1%          9

Your spell library contained the following spells:

 Spells                   Type           Power        Failure   Level
 Fire Storm               Conj/Fire      48%          38%         9
 Tornado                  Air            23%          100%        9
 Beastly Appendage        Tmut           100%         0%          1
 Sting                    Tmut/Pois      100%         0%          1
 Wereblood                Tmut           100%         0%          2
 Dazzling Flash           Conj/Hex       100%         0%          3
 Ice Form                 Ice/Tmut       96%          0%          4
 Irradiate                Conj/Tmut      60%          0%          5
 Hydra Form               Tmut           62%          0%          6
 Dragon Form              Tmut           62%          0%          7
 Animate Skeleton         Necr           94%          1%          1
 Pain                     Necr           100%         1%          1
 Ensorcelled Hibernation  Hex/Ice        94%          1%          2
 Confusing Touch          Hex            47%          1%          3
 Gell's Gravitas          Tloc           23%          1%          3
 Vampiric Draining        Necr           23%          1%          3
 Borgnjor's Vile Clutch   Necr/Erth      59%          1%          5
 Yara's Violent Unravell  Hex/Tmut       48%          1%          5
 Freezing Cloud           Conj/Ice/Air   39%          1%          6
 Animate Dead             Necr           23%          4%          4
 Cause Fear               Hex            23%          4%          4
 Necromutation            Tmut/Necr      48%          11%         8
 Agony                    Necr           47%          12%         5
 Metabolic Englaciation   Hex/Ice        23%          12%         5
 Silence                  Hex/Air        23%          12%         5
 Ozocubu's Refrigeration  Ice            23%          17%         6
 Shadow Creatures         Summ           N/A          54%         6
 Simulacrum               Ice/Necr       23%          54%         6
 Haunt                    Necr/Summ      23%          98%         7
 Malign Gateway           Summ/Tloc      23%          98%         7
 Borgnjor's Revivificati  Necr           23%          100%        8
 Discord                  Hex            23%          100%        8
 Infestation              Necr           23%          100%        8
 Death's Door             Necr           23%          100%        9


Dungeon Overview and Level Annotations

Branches:
Dungeon (1/1)

Altars:
Cheibriados
Dithmenos
Elyvilon
Fedhas
Gozag
Hepliaklqana
Kikubaaqudgha
Makhleb
Nemelex Xobeh
Okawaru
Qazlal
Ru
Sif Muna
Trog
Uskayaw
Vehumet
Wu Jian
Xom
Yredelemnul
Zin
The Shining One
Beogh
Jiyva
Lugonu

Shops:
D =?([[}?![}}!?}(*}}=![=:

Annotations:
D Tiamat


Innate Abilities, Weirdness & Mutations

You are partially covered in rugged brown scales. (AC +1, +3% HP)
You often lose your temper in combat.
You are clumsy. (Dex -2)
Armour fits poorly on your strangely shaped body.
Your magical capacity is very low. (-20% MP)
You are robust. (+10% HP)
You are weak. (Str -2)


Message History

a +0 longbow; 10 arrows of dispersal Really walk into that cloud of freezing vapour?
Okay, then.
Really walk into that cloud of freezing vapour? [Y]es or [N]o only, please.
Really walk into that cloud of freezing vapour?
You are engulfed in freezing vapours.
You resist.
* * * LOW HITPOINT WARNING * * *
Things that are here:
a +0 longbow; 10 arrows of dispersal Really walk into that cloud of freezing vapour? [Y]es or [N]o only, please.
Really walk into that cloud of freezing vapour? [Y]es or [N]o only, please.
Really walk into that cloud of freezing vapour? [Y]es or [N]o only, please.
Really walk into that cloud of freezing vapour?
Okay, then.
You are engulfed in freezing vapours.
You resist.
You die...

###...###..# ##.##∩#..#
########.#..#..#
#......#+#'##..#
#......#()..'..+
#......#)####..#
#......))#.########▓▓▓▓▓▓▓▓▓▓▓▓
#......###.#°○§°...▓....'....▓.
#.###..#.(.#☼○@)...▓....▓...^▓.
#^#..'...'.☼○)).!)....▓^...▓.
###..#...#°○☼§...▓....▓....▓.
.....###'#○○○°§).▓....▓...)▓.
#######...########▓....▓..))..
▓▓▓▓▓ ▓▓▓▓▓▓▓▓▓▓▓▓


There were no monsters in sight!

Vanquished Creatures
  An ancient lich (D)
  An orb of fire (D)
  Boris (D)
  Sojobo (D)
  2 royal mummies (D)
  A Killer Klown (D)
  A golden dragon (D)
  4 bone dragons (D)
  An electric golem (D)
  Rupert (D)
  A lich (D)
  3 deep elf blademasters (D)
  2 Orb Guardians (D)
  A deep elf master archer (D)
  A quicksilver dragon (D)
  A kraken (D)
  An Executioner (D)
  Gastronok (D)
  Frances (D)
  2 sphinxes (D)
  Chuck (D)
  Roxanne (D)
  7 shadow dragons (D)
  4 azure jellies (D)
  Donald (D)
  A fire giant (D)
  2 frost giants (D)
  2 draconian scorchers (D)
  A draconian knight (D)
  4 draconian stormcallers (D)
  A vampire knight (D)
  A deep elf demonologist (D)
  Nessos (D)
  A deep elf annihilator (D)
  A yellow draconian (D)
  A deep elf death mage (D)
  2 dire elephants (D)
  9 mummy priests (D)
  Josephine (D)
  A deep elf high priest (D)
  A fire dragon (D)
  An ogre mage (D)
  3 yaktaur captains (D)
  17 vault guards (D)
  2 alligator snapping turtles (D)
  3 hydras (D)
  3 centaur warriors (D)
  4 death yaks (D)
  Urug (D)
  4 dancing weapons (D)
  A small abomination (D)
  2 deep elf knights (D)
  A golden dragon zombie (D)
  4 skeletal warriors (D)
  An unseen horror (D)
  A spriggan druid (D)
  3 death drakes (D)
  A glowing orange brain (D)
  A spectral iron dragon (D)
  2 obsidian statues (D)
  A lindwurm (D)
  A spectral hydra (D)
  An orc knight (D)
  8 deep elf magi (D)
  An orc sorcerer (D)
  A wolf spider (shapeshifter) (D)
  4 crystal guardians (D)
  2 oklob plants (D)
  6 ugly things (D)
  A shining eye (D)
  A salamander (shapeshifter) (D)
  2 elephants (D)
  2 black mambas (D)
  2 stone giant skeletons (D)
  4 statues (D)
  2 cane toads (D)
  A moth of wrath (D)
  4 yaktaurs (D)
  A rime drake (D)
  A komodo dragon (D)
  20 guardian mummies (D)
  3 wandering mushrooms (D)
  4 spriggan defenders (D)
  A queen bee (D)
  2 tyrant leeches (D)
  2 orc high priests (D)
  5 slime creatures (D)
  8 blink frogs (D)
  4 snapping turtles (D)
  2 redbacks (shapeshifter) (D)
  2 spriggans (D)
  3 redbacks (D)
  A shadow (D)
  A golden eye (D)
  3 iron troll simulacra (D)
  A spatial vortex (D)
  3 hydra simulacra (D)
  2 floating eyes (D)
  A swamp drake (D)
  3 orc warriors (D)
  A black mamba simulacrum (D)
  A necrophage (D)
  2 centaurs (D)
  An earth elemental (D)
  3 swamp dragon skeletons (D)
  A water elemental (D)
  32 killer bees (D)
  An electric eel (D)
  A jelly (D)
  3 orc priests (D)
  Jessica (D)
  A wizard (D)
  4 necromancers (D)
  2 orc wizards (D)
  A polar bear simulacrum (D)
  A kobold demonologist (D)
  3 humans (D)
  A wolf (D)
  An ooze (D)
  3 adder zombies (D)
  11 orcs (D)
  A quokka zombie (D)
  A rat (D)
  3 bushes (D)
  5 butterflies (D)
  3 crawling corpses (D)
  15 plants (D)
  A tentacle (D)
348 creatures vanquished.

Vanquished Creatures (others)
  2 fungi (D)
  23 plants (D)
  4 tentacles (D)
29 creatures vanquished.

Grand Total: 377 creatures vanquished

Notes
Turn   | Place    | Note
-------+----------+-------------------------------------------
     0 | D        | mhtbhm the Deep Elf Earth Elementalist began the quest for
                  | the Orb.
     0 | D        | Reached XP level 1. HP: 10/10 MP: 6/6
    37 | D        | Noticed Jessica
    54 | D        | Killed Jessica
    55 | D        | Reached XP level 2. HP: 9/15 MP: 0/9
    55 | D        | Reached XP level 3. HP: 12/19 MP: 0/11
   165 | D        | Learned a level 2 spell: Passwall
   169 | D        | Learned a level 3 spell: Stone Arrow
   189 | D        | Gained mutation: You tend to lose your temper in combat.
                  | [potion of mutation]
   189 | D        | Gained mutation: Your muscles are strong. (Str +2) [potion
                  | of mutation]
   190 | D        | Lost mutation: You tend to lose your temper in combat.
                  | [potion of mutation]
   190 | D        | Lost mutation: Your muscles are strong. (Str +2) [potion of
                  | mutation]
   190 | D        | Gained mutation: You are partially covered in rugged brown
                  | scales. (AC +1, +3% HP) [potion of mutation]
   190 | D        | Gained mutation: Your magical capacity is low. (-10% MP)
                  | [potion of mutation]
   190 | D        | Gained mutation: You are robust. (+10% HP) [potion of
                  | mutation]
   202 | D        | Reached skill level 5 in Spellcasting
   333 | D        | Noticed a water elemental
   335 | D        | Killed a water elemental
   336 | D        | Reached XP level 4. HP: 27/27 MP: 10/14
   366 | D        | Found a radiant altar of Vehumet.
   366 | D        | Found a shimmering blue altar of Sif Muna.
   366 | D        | Found an ancient bone altar of Kikubaaqudgha.
   366 | D        | Noticed a wizard
   367 | D        | Killed a wizard
   368 | D        | Reached XP level 5. HP: 31/31 MP: 13/15
   407 | D        | Learned a level 5 spell: Lee's Rapid Deconstruction
   412 | D        | Learned a level 4 spell: Petrify
   417 | D        | Found a glowing silver altar of Zin.
   417 | D        | Found a glowing golden altar of the Shining One.
   417 | D        | Found a white marble altar of Elyvilon.
   417 | D        | Noticed a deep elf mage
   419 | D        | Killed a deep elf mage
   420 | D        | Reached skill level 5 in Dodging
   420 | D        | Reached XP level 6. HP: 36/36 MP: 6/21
   420 | D        | Reached XP level 7. HP: 40/40 MP: 6/22
   513 | D        | Found a basalt altar of Yredelemnul.
   513 | D        | Found a shadowy altar of Dithmenos.
   513 | D        | Found a sacrificial altar of Ru.
   550 | D        | Found a hide-covered altar of Uskayaw.
   550 | D        | Found a roughly hewn altar of Beogh.
   550 | D        | Found an iron altar of Okawaru.
   550 | D        | Found a bloodstained altar of Trog.
   550 | D        | Found an ornate altar of the Wu Jian Council.
   550 | D        | Noticed a human
   550 | D        | Noticed a human
   553 | D        | Killed a human
   553 | D        | Killed a human
   647 | D        | Noticed a shadow
   650 | D        | Killed a shadow
   651 | D        | Reached XP level 8. HP: 46/46 MP: 9/25
   740 | D        | Found a blossoming altar of Fedhas.
   740 | D        | Found a stormy altar of Qazlal.
   740 | D        | Found a snail-covered altar of Cheibriados.
   740 | D        | Found a burning altar of Makhleb.
   740 | D        | Found a shimmering altar of Xom.
   741 | D        | Found a hazy altar of Hepliaklqana.
   741 | D        | Found an opulent altar of Gozag.
   741 | D        | Found a sparkling altar of Nemelex Xobeh.
   741 | D        | Found a corrupted altar of Lugonu.
   741 | D        | Found a viscous altar of Jiyva.
   845 | D        | Became a worshipper of Vehumet
   877 | D        | Noticed Josephine
   883 | D        | Killed Josephine
   884 | D        | Reached XP level 9. HP: 36/50 MP: 9/28
   972 | D        | Found Dezuoxu's Antique Armour Boutique.
   982 | D        | Reached skill level 15 in Earth Magic
  1035 | D        | Reached * piety under Vehumet
  1035 | D        | Offered knowledge of Foxfire by Vehumet.
  1039 | D        | Reached ** piety under Vehumet
  1046 | D        | Reached *** piety under Vehumet
  1050 | D        | Noticed an orc sorcerer
  1057 | D        | Killed an orc sorcerer
  1057 | D        | Reached **** piety under Vehumet
  1250 | D        | Noticed a deep elf mage
  1250 | D        | Noticed a deep elf mage
  1250 | D        | Noticed a deep elf mage
  1250 | D        | Noticed a deep elf mage
  1250 | D        | Noticed a deep elf mage
  1259 | D        | Killed a deep elf mage
  1259 | D        | Offered knowledge of Magic Dart by Vehumet.
  1259 | D        | Reached ***** piety under Vehumet
  1260 | D        | Reached skill level 1 in Evocations
  1260 | D        | Killed a deep elf mage
  1263 | D        | Killed a deep elf mage
  1263 | D        | Killed a deep elf mage
  1264 | D        | Reached skill level 5 in Stealth
  1264 | D        | Reached XP level 10. HP: 56/56 MP: 16/32
  1264 | D        | Killed a deep elf mage
  1346 | D        | Noticed a deep elf mage
  1348 | D        | Killed a deep elf mage
  1351 | D        | Identified the cursed ring "Gan Vuss" {rElec rF+ Str-4
                  | Int-3 Stlth+}
  1351 | D        | Noticed a deep elf death mage
  1353 | D        | Noticed a deep elf annihilator
  1354 | D        | Noticed a deep elf mage
  1357 | D        | Killed a deep elf death mage
  1430 | D        | Noticed a deep elf master archer
  1430 | D        | Identified the ring "Oweaceli" {*Slow rF+ rN++ Int+9 Dex+3}
  1430 | D        | Noticed a deep elf demonologist
  1434 | D        | Killed a deep elf annihilator
  1434 | D        | Offered knowledge of Static Discharge by Vehumet.
  1434 | D        | Killed a deep elf master archer
  1434 | D        | Reached ****** piety under Vehumet
  1435 | D        | Reached XP level 11. HP: 61/61 MP: 33/35
  1436 | D        | Noticed a reaper
  1436 | D        | Killed a deep elf demonologist
  1492 | D        | Killed a deep elf mage
  1532 | D        | Noticed a deep elf high priest
  1535 | D        | Noticed a small abomination
  1536 | D        | Killed a deep elf high priest
  1537 | D        | Reached skill level 5 in Evocations
  1603 | D        | Killed a small abomination
  1603 | D        | Offered knowledge of Iskenderun's Mystic Blast by Vehumet.
  1625 | D        | Got a clouded marble ring
  1628 | D        | Identified Sif Muna's Reference Book on Beguiling and Shape
                  | Shifting
  1654 | D        | Identified the ring of Kirikluar {Ice Str+2 Dex+4 Slay+3}
                  | (You found it in the Dungeon)
  1723 | D        | Noticed a centaur warrior
  1731 | D        | Killed a centaur warrior
  1731 | D        | Offered knowledge of Hailstorm by Vehumet.
  1821 | D        | Killed an unseen horror
  1831 | D        | Learned a level 6 spell: Statue Form
  1935 | D        | Offered knowledge of Bolt of Magma by Vehumet.
  1944 | D        | Learned a level 5 spell: Bolt of Magma
  2050 | D        | Noticed Donald
  2050 | D        | Noticed Frances
  2052 | D        | Killed Donald
  2053 | D        | Reached skill level 1 in Conjurations
  2053 | D        | Reached XP level 12. HP: 66/66 MP: 27/38
  2055 | D        | Killed Frances
  2226 | D        | Offered knowledge of Fireball by Vehumet.
  2393 | D        | Noticed a yaktaur captain
  2469 | D        | Found Oxudgh's Gadget Emporium.
  2469 | D        | Found Sutreotu's Distillery.
  2469 | D        | Found Tonkuest's General Store.
  2469 | D        | Found Imiyff's Gadget Boutique.
  2469 | D        | Found Uchehemi's Jewellery Emporium.
  2469 | D        | Found Ceomor's Antique Weapon Shoppe.
  2469 | D        | Found Ovidekk's Book Shop.
  2469 | D        | Found Gitoh's Gadget Shop.
  2469 | D        | Found Wiutoufie's Jewellery Emporium.
  2469 | D        | Found Zunwiff's Magic Scroll Emporium.
  2469 | D        | Found Qierch's Antique Armour Boutique.
  2509 | D        | Bought a scroll of blinking for 105 gold pieces
  2509 | D        | Bought a scroll of immolation for 49 gold pieces
  2509 | D        | Bought a scroll of immolation for 49 gold pieces
  2512 | D        | Bought 2 potions of heal wounds for 120 gold pieces
  2514 | D        | Bought a potion of haste for 100 gold pieces
  2514 | D        | Bought a potion of flight for 30 gold pieces
  2514 | D        | Bought a potion of haste for 100 gold pieces
  2522 | D        | Reached skill level 5 in Transmutations
  2537 | D        | Offered knowledge of Iron Shot by Vehumet.
  2549 | D        | Learned a level 6 spell: Iron Shot
  2740 | D        | Identified the Guide on Orientation and Moulding
  2769 | D        | Noticed a centaur warrior
  2770 | D        | Killed a centaur warrior
  2787 | D        | Offered knowledge of Lightning Bolt by Vehumet.
  2806 | D        | Noticed a fire dragon
  2815 | D        | Killed a fire dragon
  2947 | D        | Reached XP level 13. HP: 72/72 MP: 34/41
  2948 | D        | Reached skill level 27 in Spellcasting
  3025 | D        | Reached skill level 1 in Fighting
  3143 | D        | Noticed a vampire knight
  3149 | D        | Killed a vampire knight
  3224 | D        | Noticed a bone dragon
  3235 | D        | Killed a bone dragon
  3235 | D        | Offered knowledge of Starburst by Vehumet.
  3294 | D        | Noticed a bone dragon
  3305 | D        | Killed a bone dragon
  3403 | D        | Noticed a bone dragon
  3408 | D        | Killed a bone dragon
  3408 | D        | Offered knowledge of Orb of Destruction by Vehumet.
  3513 | D        | Noticed a bone dragon
  3520 | D        | Killed a bone dragon
  3633 | D        | Noticed a sphinx
  3633 | D        | Noticed a sphinx
  3638 | D        | Killed a sphinx
  3638 | D        | Offered knowledge of Lehudib's Crystal Spear by Vehumet.
  3639 | D        | Killed a sphinx
  3640 | D        | Reached skill level 27 in Earth Magic
  3640 | D        | Reached XP level 14. HP: 58/81 MP: 41/42
  3811 | D        | Noticed Chuck
  3822 | D        | Killed Chuck
  3823 | D        | Reached skill level 10 in Dodging
  3879 | D        | Learned a level 8 spell: Lehudib's Crystal Spear
  4040 | D        | Reached skill level 5 in Fighting
  4047 | D        | Offered knowledge of Fire Storm by Vehumet.
  4047 | D        | Offered knowledge of Shatter by Vehumet.
  4047 | D        | Offered knowledge of Tornado by Vehumet.
  4058 | D        | Learned a level 9 spell: Shatter
  4147 | D        | Noticed Rupert
  4150 | D        | Killed Rupert
  4151 | D        | Reached skill level 10 in Transmutations
  4228 | D        | Noticed an azure jelly
  4228 | D        | Noticed an azure jelly
  4315 | D        | Found Fiyrre's Jewellery Shoppe.
  4315 | D        | Found Kudghug's Magic Scroll Boutique.
  4315 | D        | Found Rutuisae's Antique Weapon Emporium.
  4322 | D        | Bought a scroll of blinking for 90 gold pieces
  4322 | D        | Bought 3 scrolls of fog for 72 gold pieces
  4341 | D        | Reached skill level 5 in Conjurations
  4364 | D        | Got a decaying rune of Zot
  4404 | D        | Noticed an azure jelly
  4404 | D        | Noticed an azure jelly
  4741 | D        | Noticed Gastronok
  4745 | D        | Killed Gastronok
  4766 | D        | Killed an azure jelly
  4766 | D        | Killed an azure jelly
  4766 | D        | Killed an azure jelly
  4767 | D        | Reached skill level 15 in Dodging
  4767 | D        | Reached skill level 15 in Transmutations
  4767 | D        | Killed an azure jelly
  4852 | D        | Reached skill level 10 in Evocations
  4871 | D        | Noticed Urug
  4876 | D        | Killed Urug
  5109 | D        | Reached XP level 15. HP: 92/92 MP: 42/43
  5116 | D        | Found a blossoming altar of Fedhas.
  5596 | D        | Noticed a kraken
  5679 | D        | Killed a kraken
  5842 | D        | Found Luurec's Magic Scroll Boutique.
  5842 | D        | Found Ipponwey's Gadget Shop.
  5842 | D        | Found Lawnitt's Antique Armour Emporium.
  6126 | D        | Got a barnacled rune of Zot
  6129 | D        | Bought a pair of embroidered gloves for 210 gold pieces
  6300 | D        | Noticed Sojobo
  6304 | D        | Killed Sojobo
  6305 | D        | Reached skill level 1 in Fire Magic
  6369 | D        | Noticed a lich
  6371 | D        | Killed a lich
  6451 | D        | Noticed a shadow dragon
  6463 | D        | Killed a shadow dragon
  6514 | D        | Noticed a shadow dragon
  6526 | D        | Killed a shadow dragon
  6554 | D        | Noticed a quicksilver dragon
  6587 | D        | Reached skill level 1 in Staves
  6645 | D        | Noticed a frost giant
  6650 | D        | Killed a frost giant
  6678 | D        | Noticed a golden dragon
  6679 | D        | Identified the +11 spear of Disaster {venom, rC- Str+8
                  | Int+2}
  6682 | D        | Killed a golden dragon
  6778 | D        | Killed a quicksilver dragon
  6830 | D        | Noticed a shadow dragon
  6918 | D        | Noticed a shadow dragon
  6922 | D        | Noticed a shadow dragon
  6922 | D        | Noticed a shadow dragon
  6923 | D        | Noticed a shadow dragon
  6925 | D        | Killed a shadow dragon
  6926 | D        | Reached XP level 16. HP: 96/98 MP: 33/44
  6927 | D        | Killed a shadow dragon
  6929 | D        | Killed a shadow dragon
  6929 | D        | Killed a shadow dragon
  6929 | D        | Killed a shadow dragon
  6930 | D        | Reached skill level 10 in Conjurations
  7044 | D        | Got a silver rune of Zot
  7443 | D        | Noticed a royal mummy
  7444 | D        | Noticed a royal mummy
  7448 | D        | Killed a royal mummy
  7448 | D        | Killed a royal mummy
  7460 | D        | Got a brightly glowing ivory amulet
  7463 | D        | Got a golden rune of Zot
  7500 | D        | Identified the amulet "Jega" {RegenMP +Fly Will+} (You
                  | found it in the Dungeon)
  7819 | D        | Noticed Boris
  7833 | D        | Killed Boris
  7834 | D        | Reached skill level 5 in Staves
  7834 | D        | Reached skill level 5 in Fire Magic
  8056 | D        | Found Tuleock's Armour Emporium.
  8056 | D        | Found Haint's Gadget Shop.
  8056 | D        | Found Dezuoxu's Gadget Shop.
  8056 | D        | Found Veufuss's Distillery.
  8070 | D        | Bought a potion of experience for 600 gold pieces
  8070 | D        | Reached skill level 1 in Armour
  8070 | D        | Reached XP level 17. HP: 103/103 MP: 45/45
  8080 | D        | Noticed Roxanne
  8083 | D        | Killed Roxanne
  8103 | D        | Found Neheug's Distillery.
  8217 | D        | Acquired 1004 gold pieces
  8219 | D        | Acquired 739 gold pieces
  8223 | D        | Acquired 1021 gold pieces
  8227 | D        | Acquired 485 gold pieces
  8231 | D        | Acquired 763 gold pieces
  8235 | D        | Acquired 433 gold pieces
  8335 | D        | Noticed Nessos
  8340 | D        | Killed Nessos
  8458 | D        | Reached skill level 27 in Dodging
  8484 | D        | Noticed a deep elf blademaster
  8485 | D        | Noticed a deep elf blademaster
  8485 | D        | Noticed a deep elf blademaster
  8487 | D        | Killed a deep elf blademaster
  8488 | D        | Reached XP level 18. HP: 108/108 MP: 37/46
  8489 | D        | Reached skill level 27 in Transmutations
  8515 | D        | Noticed an Orb Guardian
  8520 | D        | Killed an Orb Guardian
  8521 | D        | Reached skill level 15 in Conjurations
  8521 | D        | Reached skill level 15 in Evocations
  8521 | D        | Noticed a Killer Klown
  8521 | D        | Noticed an Orb Guardian
  8522 | D        | Killed an Orb Guardian
  8524 | D        | Killed a Killer Klown
  8525 | D        | Noticed an ancient lich
  8527 | D        | Killed an ancient lich
  8601 | D        | Noticed an electric golem
  8607 | D        | Killed an electric golem
  8608 | D        | Reached skill level 10 in Staves
  8673 | D        | Identified the +4 dragonskin cloak
  8673 | D        | Noticed Tiamat
  8674 | D        | Noticed an orb of fire
  8678 | D        | Gained mutation: Your magical capacity is very low. (-20%
                  | MP) [mutagenic glow]
  8681 | D        | Gained mutation: Armour fits poorly on your strangely
                  | shaped body. [an orb of fire]
  8683 | D        | Gained mutation: You are clumsy. (Dex -2) [an orb of fire]
  8685 | D        | Lost strength.
  8685 | D        | Gained mutation: You are weak. (Str -2) [mutagenic glow]
  8687 | D        | Gained mutation: You tend to lose your temper in combat.
                  | [an orb of fire]
  8689 | D        | Killed an orb of fire
  8694 | D        | Gained mutation: You often lose your temper in combat.
                  | [mutagenic glow]
  8748 | D        | Engulfed by a cloud of freezing vapour

Illustrated notes

Levels and vault maps discovered:
D:        dungeon_sprint_mu [sprint_mu_entry_cave, sprint_mu_temple_rooms,
          sprint_mu_d1_horrors, sprint_mu_d2_genie, sprint_mu_d3_branching,
          sprint_mu_orc_legion, sprint_mu_elf_gauntlet, sprint_mu_hive_nellie,
          sprint_mu_lair_fedhas, sprint_mu_vaults_butterflies,
          sprint_mu_slime_circle, sprint_mu_swamp_cave, sprint_mu_shoals_kraken,
          sprint_mu_blade_basic, sprint_mu_crypt_chambers,
          sprint_mu_tomb_spiral, sprint_mu_vestibule_basic,
          sprint_mu_gehenna_hellfire, sprint_mu_dis_giant,
          sprint_mu_tartarus_statrot, sprint_mu_cocytus_islands, sprint_mu_zot1]

Skill      XL: |  1  2  3  4  5  6  7  8  9 10 11 12 13 14 15 16 17 18 |
---------------+-------------------------------------------------------+-----
Earth Magic    | 6 8 12 13 14 16 18 20 22 27 | 27.0
Dodging        | 3 4 5 6 9 16 21 25 27 | 27.0
Stealth        | 3 4 5 6 |  6.0
Spellcasting   | 4 7 12 14 16 19 21 24 26 27 | 27.0
Transmutations | 2 3 4 5 7 16 22 25 26 27 | 27.0
Evocations     | 2 4 5 6 10 12 14 17 | 17.6
Conjurations   | 1 2 6 9 12 13 21 | 21.9
Fighting       | 2 5 |  5.1
Fire Magic     | 3 5 |  5.1
Staves         | 2 5 6 11 | 11.3
Armour         | 1 |  1.3

Action                   |  1- 3 |  4- 6 |  7- 9 | 10-12 | 13-15 | 16-18 || total
-------------------------+-------+-------+-------+-------+-------+-------++-------
Melee: Long sword        |       |       |     2 |     2 |       |       ||     4
       Staff             |       |       |       |     3 |    40 |     7 ||    50
 Cast: Sandblast         |    16 |     3 |     6 |     1 |       |       ||    26
       Stone Arrow       |     2 |       |     1 |    12 |     7 |     1 ||    23
       Passwall          |     1 |       |     3 |       |     1 |     1 ||     6
       Lee's Rapid Decon |       |     2 |    27 |    64 |   157 |    58 ||   308
       Statue Form       |       |       |       |     6 |    30 |    14 ||    50
       Petrify           |       |       |       |     2 |     7 |     2 ||    11
       Lehudib's Crystal |       |       |       |       |    10 |     4 ||    14
       Shatter           |       |       |       |       |     5 |    30 ||    35
       Iron Shot         |       |       |       |       |     3 |       ||     3
       Bolt of Magma     |       |       |       |       |     1 |       ||     1
 Abil: End Transformatio |       |       |       |       |     2 |       ||     2
       Evoke Flight      |       |       |       |       |       |     1 ||     1
Evoke: Lightning rod     |       |       |     4 |     9 |     7 |       ||    20
       Condenser vane    |       |       |       |     2 |     5 |     4 ||    11
       Wand              |       |       |       |       |     2 |       ||     2
  Use: Potion            |     2 |       |       |     2 |     3 |    10 ||    17
       Scroll            |       |       |       |     5 |     1 |    14 ||    20
 Stab: Sleeping          |       |       |       |     1 |       |       ||     1
Armor: Skin              |       |       |       |    15 |   103 |    22 ||   140
       Robe              |       |       |       |       |     2 |       ||     2
Dodge: Dodged            |     2 |       |     3 |    27 |   246 |   106 ||   384
       Rpst.: Long sword |       |       |     1 |       |       |       ||     1

Table legend: (Time is in decaauts) A = Elapsed time spent in this place. B = Non-inter-level travel time spent in this place. C = Inter-level travel time spent in this place. D = Time resting spent in this place. E = Time spent auto-exploring this place. F = Levels seen in this place. G = Mean time per level. A B C D E F G +--------+--------+--------+--------+--------+-----+--------+ Total | 10416 | 10356 | 60 | 6117 | 16 | 1 | 10416.0 | Dungeon | 10416 | 10356 | 60 | 6117 | 16 | 1 | 10416.0 | +--------+--------+--------+--------+--------+-----+--------+

Top non-repeatable levels by time:
       D: 10416 daAuts
